NCAA
SOUTH CAROLINA GAMECOCKS @ ILLINOIS FIGHTING ILLINI
04/24/2025
 
TOP OF THE 1ST
South Carolina Gamecocks batting - Pitching for Illinois Fighting Illini : RHP Vincent Davis
Pitching: RHP Vincent Davis
Batting: RHB Clint Ratzlaff 0-0: Ball
1-0: Foul Ball, location: 2F
1-1: Foul Ball, location: 2F
1-2: Fly out, F3 (Popup, 23F)
Batting: LHB Chandler Pitts 0-0: Ball
1-0: Swinging Strike
1-1: Ball
2-1: Foul Ball, location: 2F
2-2: Foul Ball, location: 2F
2-2: Fly out, F7 (Flyball, 7LM)
Batting: RHB Josh Baker 0-0: Ball
1-0: Ball
2-0: Ball
3-0: Base on Balls
Batting: RHB Lewis Carter 0-0: SINGLE (Line Drive, 8LS)
Josh Baker to second
Runner from 2nd tries for 3rd, OUT!
Top of the 1st over - 0 run(s), 1 hit(s), 0 error(s), 1 left on base; South Carolina 0 - Illinois 0
BOTTOM OF THE 1ST
Illinois Fighting Illini batting - Pitching for South Carolina Gamecocks : RHP Joseph Salinas
Pitching: RHP Joseph Salinas
Batting: RHB David Ward 0-0: Ball
1-0: Ground out 4-3 (Groundball, 4)
Batting: RHB Benoît Vigneault 0-0: Ball
1-0: Ball
2-0: SINGLE (Line Drive, 6MD)
Batting: RHB Clinton Barton 0-0: SINGLE (Groundball, 34) (infield hit)
Benoît Vigneault to second
Batting: RHB James Brown 0-0: Ball
Wild Pitch!
Benoît Vigneault to third
Clinton Barton to second
1-0: Ball
2-0: Called Strike
2-1: Foul Ball, location: 2F
2-2: Strikes out looking
Batting: RHB Aaron Murray 0-0: Ground out 5-3 (Groundball, 56)
Bottom of the 1st over - 0 run(s), 2 hit(s), 0 error(s), 2 left on base; South Carolina 0 - Illinois 0
TOP OF THE 2ND
South Carolina Gamecocks batting - Pitching for Illinois Fighting Illini : RHP Vincent Davis
Batting: RHB Fernando Pérez 0-0: Ground out 5-3 (Groundball, 5L)
Batting: LHB Pat Carroll 0-0: SINGLE (Line Drive, 4D)
Batting: RHB Don Miller 0-0: Ball
1-0: Fly out, F4 (Popup, 6MD)
Batting: RHB Sidney Smith 0-0: Ball
1-0: Foul Ball, location: 2F
1-1: Swinging Strike
1-2: Fly out, F6 (Popup, 6MD)
Top of the 2nd over - 0 run(s), 1 hit(s), 0 error(s), 1 left on base; South Carolina 0 - Illinois 0
BOTTOM OF THE 2ND
Illinois Fighting Illini batting - Pitching for South Carolina Gamecocks : RHP Joseph Salinas
Batting: RHB Matt Cole 0-0: Ball
1-0: Ball
2-0: SINGLE (Line Drive, 78S)
Batting: RHB Gerald Davis 0-0: Ball
1-0: Called Strike
1-1: SINGLE (Line Drive, 6M)
Matt Cole to second
Batting: SHB Dale Winters 0-0: SINGLE (Flyball, 8LS)
Matt Cole to third
Gerald Davis to second
Batting: SHB Frank Grant 0-0: Swinging Strike
0-1: Ball
1-1: Ball
2-1: Called Strike
2-2: Strikes out swinging
Batting: RHB David Ward 0-0: Ball
1-0: Ball
2-0: Ball
3-0: Base on Balls
Matt Cole scores
Gerald Davis to third
Dale Winters to second
Batting: RHB Benoît Vigneault 0-0: Foul Ball, location: 2F
0-1: Ball
1-1: SINGLE (Line Drive, 56D)
Gerald Davis scores
Dale Winters to third
David Ward to second
Batting: RHB Clinton Barton 0-0: SINGLE (Line Drive, 89S)
Dale Winters scores
David Ward to third
Benoît Vigneault to second
Runner from 3rd tries for Home, SAFE, no throw or cutoff
Batting: RHB James Brown 0-0: Ball
1-0: SINGLE (Flyball, 8LM)
Benoît Vigneault to third
Clinton Barton to second
Runner from 3rd tries for Home, SAFE, throw made home
Batting: RHB Aaron Murray 0-0: Ball
Clinton Barton steals 3rd base
James Brown to second
1-0: Foul Ball, location: 2F
1-1: Ball
2-1: Ball
3-1: SINGLE (Line Drive, 56D)
Clinton Barton scores
James Brown to third
Batting: RHB Matt Cole 0-0: Called Strike
0-1: Ball
1-1: SINGLE (Flyball, 9S)
James Brown scores
Aaron Murray to second
Runner from 2nd tries for 3rd, SAFE, throw made to third
Matt Cole to second
Batting: RHB Gerald Davis 0-0: Ball
1-0: Ball
2-0: Fly out, F7 (Flyball, 7M)
Runner from 3rd tags up, OUT at HOME
Bottom of the 2nd over - 7 run(s), 8 hit(s), 0 error(s), 1 left on base; South Carolina 0 - Illinois 7
TOP OF THE 3RD
South Carolina Gamecocks batting - Pitching for Illinois Fighting Illini : RHP Vincent Davis
Batting: RHB José Maldonado 0-0: Swinging Strike
0-1: Foul Ball, location: 2F
0-2: Ball
1-2: Strikes out swinging
Batting: RHB Clint Ratzlaff 0-0: Foul Ball, location: 2F
0-1: Foul Ball, location: 2F
0-2: Ground out 5-3 (Groundball, 56S)
Batting: LHB Chandler Pitts 0-0: Ball
1-0: Swinging Strike
1-1: Swinging Strike
1-2: Strikes out swinging
Top of the 3rd over - 0 run(s), 0 hit(s), 0 error(s), 0 left on base; South Carolina 0 - Illinois 7
BOTTOM OF THE 3RD
Illinois Fighting Illini batting - Pitching for South Carolina Gamecocks : RHP Joseph Salinas
Batting: SHB Dale Winters 0-0: Foul Ball, location: 2F
0-1: Foul Ball, location: 2F
0-2: Ball
1-2: Ground out 4-3 (Groundball, 4)
Batting: SHB Frank Grant 0-0: Ball
1-0: Foul Ball, location: 2F
1-1: Ground out 5-3 (Groundball, 56)
Batting: RHB David Ward 0-0: Called Strike
0-1: Fly out, F7 (Line Drive, 7S)
Bottom of the 3rd over - 0 run(s), 0 hit(s), 0 error(s), 0 left on base; South Carolina 0 - Illinois 7
TOP OF THE 4TH
South Carolina Gamecocks batting - Pitching for Illinois Fighting Illini : RHP Vincent Davis
Batting: RHB Josh Baker 0-0: Foul Ball, location: 2F
0-1: Swinging Strike
0-2: Foul Ball, location: 2F
0-2: Strikes out swinging
Batting: RHB Lewis Carter 0-0: Foul Ball, location: 2F
0-1: Ball
1-1: Foul Ball, location: 2F
1-2: Foul Ball, location: 2F
1-2: Strikes out swinging
Batting: RHB Fernando Pérez 0-0: SINGLE (Line Drive, 7LS)
Batting: LHB Pat Carroll 0-0: Called Strike
0-1: Ball
1-1: Ball
2-1: Foul Ball, location: 2F
2-2: Ball
3-2: Base on Balls
Fernando Pérez to second
Batting: RHB Don Miller 0-0: Foul Ball, location: 2F
0-1: Foul Ball, location: 2F
0-2: Ball
1-2: SINGLE (Flyball, 9LM)
Fernando Pérez to third
Pat Carroll to second
Batting: RHB Sidney Smith 0-0: Ball
1-0: Ball
2-0: Ground out 5-3 (Groundball, 5L)
Top of the 4th over - 0 run(s), 2 hit(s), 0 error(s), 3 left on base; South Carolina 0 - Illinois 7
BOTTOM OF THE 4TH
Illinois Fighting Illini batting - Pitching for South Carolina Gamecocks : RHP Joseph Salinas
Pitching: RHP Bruce Longoria
Batting: RHB Benoît Vigneault 0-0: Called Strike
0-1: Ball
1-1: Foul Ball, location: 2F
1-2: Strikes out looking
Batting: RHB Clinton Barton 0-0: Ball
1-0: SINGLE (Groundball, 6)
Batting: RHB James Brown 0-0: Called Strike
0-1: Called Strike
Clinton Barton steals 2nd base
0-2: Strikes out looking
Batting: RHB Aaron Murray 0-0: Foul Ball, location: 2F
0-1: Ball
1-1: Foul Ball, location: 2F
1-2: Fly out, F8 (Flyball, 8LM)
Bottom of the 4th over - 0 run(s), 1 hit(s), 0 error(s), 1 left on base; South Carolina 0 - Illinois 7
TOP OF THE 5TH
South Carolina Gamecocks batting - Pitching for Illinois Fighting Illini : RHP Vincent Davis
Batting: RHB José Maldonado 0-0: Swinging Strike
0-1: Fly out, F8 (Flyball, 8LM)
Batting: RHB Clint Ratzlaff 0-0: Called Strike
0-1: SOLO HOME RUN (Flyball, 78XD), Distance : 371 ft
Batting: LHB Chandler Pitts 0-0: Ball
1-0: Called Strike
1-1: Ball
2-1: Called Strike
2-2: Strikes out looking
Batting: RHB Josh Baker 0-0: Foul Ball, location: 2F
0-1: Foul Ball, location: 2F
0-2: Strikes out swinging
Top of the 5th over - 1 run(s), 1 hit(s), 0 error(s), 0 left on base; South Carolina 1 - Illinois 7
BOTTOM OF THE 5TH
Illinois Fighting Illini batting - Pitching for South Carolina Gamecocks : RHP Bruce Longoria
Batting: RHB Matt Cole 0-0: Foul Ball, location: 2F
0-1: Ball
1-1: Swinging Strike
1-2: Ground out 6-3 (Groundball, 6)
Batting: RHB Gerald Davis 0-0: Ground out 6-3 (Groundball, 6M)
Batting: SHB Dale Winters 0-0: Swinging Strike
0-1: Ground out 3-1 (Groundball, 3)
Bottom of the 5th over - 0 run(s), 0 hit(s), 0 error(s), 0 left on base; South Carolina 1 - Illinois 7
TOP OF THE 6TH
South Carolina Gamecocks batting - Pitching for Illinois Fighting Illini : RHP Vincent Davis
Batting: RHB Lewis Carter 0-0: Swinging Strike
0-1: Ball
1-1: TRIPLE (Flyball, 78D)
Batting: RHB Fernando Pérez 0-0: Ball
1-0: Fly out, F9 (Flyball, 89XD)
Runner from 3rd tags up, SCORES, no throw
Batting: LHB Pat Carroll 0-0: Called Strike
0-1: Ball
1-1: Swinging Strike
1-2: Ground out U3 (Groundball, 3)
Batting: RHB Don Miller 0-0: Ground out 5-3 (Groundball, 56S)
Top of the 6th over - 1 run(s), 1 hit(s), 0 error(s), 0 left on base; South Carolina 2 - Illinois 7
BOTTOM OF THE 6TH
Illinois Fighting Illini batting - Pitching for South Carolina Gamecocks : RHP Bruce Longoria
Batting: SHB Frank Grant 0-0: Called Strike
0-1: Ball
1-1: Foul Ball, location: 2F
1-2: Ball
2-2: Ball
3-2: Strikes out swinging
Batting: RHB David Ward 0-0: Called Strike
0-1: Ball
1-1: Ball
2-1: Called Strike
2-2: SOLO HOME RUN (Line Drive, 7LD), Distance : 326 ft
Batting: RHB Benoît Vigneault 0-0: Called Strike
0-1: Ball
1-1: Foul Ball, location: 2F
1-2: Foul Ball, location: 2F
1-2: Ball
2-2: Ground out 1-3 (Groundball, 13S)
Batting: RHB Clinton Barton 0-0: Ball
1-0: SINGLE (Line Drive, 9S)
Batting: RHB James Brown 0-0: Ball
1-0: Ball
2-0: Ball
Clinton Barton steals 2nd base
3-0: Called Strike
3-1: Called Strike
3-2: 2-RUN HOME RUN (Line Drive, 78XD), Distance : 388 ft
Batting: RHB Aaron Murray 0-0: Ground out 6-3 (Groundball, 6M)
Bottom of the 6th over - 3 run(s), 3 hit(s), 0 error(s), 0 left on base; South Carolina 2 - Illinois 10
TOP OF THE 7TH
South Carolina Gamecocks batting - Pitching for Illinois Fighting Illini : RHP Vincent Davis
Batting: RHB Sidney Smith 0-0: Called Strike
0-1: Foul Ball, location: 2F
0-2: Ball
1-2: Ball
2-2: SINGLE (Line Drive, 78M)
Pitching: RHP Bob Brock
Batting: RHB José Maldonado 0-0: Ball
1-0: Ball
2-0: Ball
3-0: Base on Balls
Sidney Smith to second
Batting: RHB Clint Ratzlaff 0-0: Ball
1-0: Ball
2-0: Swinging Strike
2-1: Fielders Choice at 2nd, 6-4 (Groundball, 6M)
Sidney Smith to third
Batting: LHB Chandler Pitts 0-0: Ball
1-0: Ball
Clint Ratzlaff steals 2nd base
2-0: Ground out 5-3 (Groundball, 56)
Sidney Smith scores
Batting: RHB Josh Baker 0-0: Foul Ball, location: 2F
0-1: SINGLE (Groundball, 56)
Clint Ratzlaff to third
Runner from 3rd tries for Home, SAFE, no throw or cutoff
Batting: RHB Lewis Carter 0-0: Ball
1-0: Ball
2-0: Fly out, F9 (Flyball, 89M)
Top of the 7th over - 2 run(s), 2 hit(s), 0 error(s), 1 left on base; South Carolina 4 - Illinois 10
BOTTOM OF THE 7TH
Illinois Fighting Illini batting - Pitching for South Carolina Gamecocks : RHP Bruce Longoria
Pitching: RHP Monte Powell
Batting: RHB Matt Cole 0-0: Called Strike
0-1: Ground out 6-3 (Groundball, 6)
Batting: RHB Gerald Davis 0-0: Called Strike
0-1: Swinging Strike
0-2: Strikes out swinging
Batting: SHB Dale Winters 0-0: Ball
1-0: Ball
2-0: Fly out, F8 (Flyball, 89M)
Bottom of the 7th over - 0 run(s), 0 hit(s), 0 error(s), 0 left on base; South Carolina 4 - Illinois 10
TOP OF THE 8TH
South Carolina Gamecocks batting - Pitching for Illinois Fighting Illini : RHP Bob Brock
Now at SS: Arturo García
Batting: RHB Fernando Pérez 0-0: Fly out, F9 (Flyball, 9M)
Batting: LHB Pat Carroll 0-0: Called Strike
0-1: Swinging Strike
0-2: Strikes out looking
Batting: RHB Don Miller 0-0: Ground out 1-3 (Groundball, 15)
Top of the 8th over - 0 run(s), 0 hit(s), 0 error(s), 0 left on base; South Carolina 4 - Illinois 10
BOTTOM OF THE 8TH
Illinois Fighting Illini batting - Pitching for South Carolina Gamecocks : RHP Monte Powell
Batting: SHB Frank Grant 0-0: Ball
1-0: Called Strike
1-1: Ball
2-1: Ball
3-1: Foul Ball, location: 2F
3-2: Strikes out swinging
Batting: RHB David Ward 0-0: Ball
1-0: Ball
2-0: Called Strike
2-1: Ball
3-1: Reached on error, E5 (Groundball, 5)
Batting: RHB Benoît Vigneault 0-0: Ball
1-0: Called Strike
1-1: Swinging Strike
1-2: Ball
2-2: Strikes out swinging
Batting: RHB Clinton Barton 0-0: Ball
1-0: Ball
2-0: Called Strike
2-1: Ball
3-1: Fly out, F5 (Popup, 5SF)
Bottom of the 8th over - 0 run(s), 0 hit(s), 1 error(s), 1 left on base; South Carolina 4 - Illinois 10
TOP OF THE 9TH
South Carolina Gamecocks batting - Pitching for Illinois Fighting Illini : RHP Bob Brock
Now at C: Allen Brown
Batting: RHB Sidney Smith 0-0: Called Strike
0-1: Swinging Strike
0-2: Strikes out swinging
Batting: RHB José Maldonado 0-0: Foul Ball, location: 2F
0-1: Foul Ball, location: 2F
0-2: Ground out 6-3 (Groundball, 6M)
Batting: RHB Clint Ratzlaff 0-0: Swinging Strike
0-1: Ball
1-1: Ball
2-1: Ball
3-1: Called Strike
3-2: Strikes out swinging
Top of the 9th over - 0 run(s), 0 hit(s), 0 error(s), 0 left on base; South Carolina 4 - Illinois 10
This league is powered by Out of the Park Baseball, the baseball management simulation game for PC, Mac and Linux
Tuesday, August 2nd, 2016 - OOTP Baseball 16.8 Build 38